 Dungeon Crawl Stone Soup version 0.18-a0-1764-gf4ddf0b (console) character file.

133 sorlin the Insei (level 4, -4/34 HPs)
             Began as a Demigod Transmuter on Apr 14, 2016.
             Killed by nerve-wracking pain
             ... invoked by an orc priest
              (7 damage)
             ... on level 3 of the Dungeon.
             The game lasted 00:11:47 (2887 turns).

sorlin the Insei (Demigod Transmuter)               Turns: 2887, Time: 00:11:47

Health: -4/34      AC:  2    Str: 13    XL:     4   Next: 63%
Magic:  3/9        EV: 20    Int: 19    God:
Gold:   107        SH:  0    Dex: 21    Spells: 2 memorised, 2 levels left

rFire  . . .     SeeInvis .       - Unarmed
rCold  . . .     Gourm    .     (armour currently unavailable)
rNeg   . . .     Faith    .     (shield currently unavailable)
rPois  x         Spirit   .     (helmet currently unavailable)
rElec  .         Dismiss  .     (cloak currently unavailable)
rCorr  .         Reflect  .     (gloves currently unavailable)
SustAt +         Harm     .     (boots currently unavailable)
MR     .....                    (no amulet)
Stlth  ++........               (no ring)
                                (no ring)

@: spider-form (expiring), very slightly contaminated, not resistant to hostile
enchantments, unstealthy
A: high mp 1, sustain attributes
a: End Transformation


You were on level 3 of the Dungeon.
You were not hungry.
You were a venomous arachnid creature.
You visited 1 branch of the dungeon, and saw 3 of its levels.

You collected 107 gold pieces.


Innate Abilities, Weirdness & Mutations

You have an increased reservoir of magic (+10% MP).
Your attributes are resistant to harm.


   Skills:
 - Level 0.8 Fighting
 - Level 1.7 Dodging
 + Level 4.9 Unarmed Combat
 - Level 1.7 Spellcasting
 - Level 2.0 Transmutations
 - Level 1.0 Poison Magic


You had 2 spell levels left.
You knew the following spells:

 Your Spells              Type           Power        Failure   Level  Hunger
a - Beastly Appendage     Trmt           #.....       24%         1    #......
q - Spider Form           Trmt/Pois      #.........   56%         3    ###....

Inventory:

Missiles
 a - 12 arrows
 p - 7 arrows of frost
Armour
 b - a +0 robe (melded)
 q - a +0 pair of boots (melded)
 u - a +2 pair of gloves (melded)
Scrolls
 e - 2 scrolls of remove curse
 i - 2 scrolls of noise {unknown}
 l - a scroll of magic mapping {unknown}
 n - 2 scrolls of recharging {unknown}
 s - a scroll of teleportation {unknown}
 t - a scroll of blinking {unknown}
 w - a scroll of enchant weapon {unknown}
Potions
 h - a potion of agility {!q}
 j - a potion of flight
 k - a potion of heal wounds {!q}
 m - 3 potions of might {!q}
 r - a potion of ambrosia
 v - 2 potions of brilliance {unknown}
 x - a potion of haste {unknown}
Books
 c - a book of Changes

   Spells                             Type                      Level
   a - Beastly Appendage              Transmutation                1
   b - Sticks to Snakes               Transmutation                2
   c - Spider Form                    Transmutation/Poison         3
   d - Ice Form                       Ice/Transmutation            4
   e - Blade Hands                    Transmutation                5
Comestibles
 d - 2 bread rations {!e}
 f - 2 meat rations {!e}


Message History

You hit the jackal.
You kill the jackal!
No target in view!
No target in view!
No target in view!
The orc priest shouts!
An orc comes into view.
You miscast Spider Form.
You are very lightly contaminated with residual magic.
Nothing appears to happen.
An orc priest comes into view. It is wielding a flail.
You turn into a venomous arachnid creature.
The orc priest shouts!
Your transformation is almost over.
The orc priest moves out of view.
The orc priest mumbles some strange prayers to Beogh against you.
Beogh smites you!
You hear a shout! x2
An orc comes into view. It is wielding a whip.
The orc shouts!
A kobold and an orc come into view.
The kobold shouts!
Found a helmet.
Unknown command.
Unknown command.
Unknown command.
Unknown command.
You take 12 damage.
Unknown command.
You completely miss the orc priest. You hit the orc priest.
The orc priest is poisoned.
The orc priest is lightly wounded.
The orc priest calls down the wrath of Beogh upon you.
Beogh smites you!
* * * LOW HITPOINT WARNING * * *
The orc priest closely misses you.
You take 11 damage.
Unknown command.
Here: an orc priest, wielding a short sword (lightly wounded, poisoned)
The floor.
Unknown command.
Drink which item? (? for menu, Esc to quit)
Okay, then.
Unknown command.
The orc priest invokes the aid of Beogh against you.
Beogh smites you!
* * * LOW HITPOINT WARNING * * *
The orc priest calls down the wrath of Beogh upon you.
Pain shoots through your body!
You die...

#.##.# #.##.#
#########
#.#..###.......#
#.#....#.......#
#.##.#.#.......#####
#...................
#.##.#.#.......#####
#.#....#.......####
#>................#
###.####.(.....##)#
#s# #..((...##.##
#.# ######(.(...#
#o# #..(...# #o#
#......# #K#
#......#


oo. #.....(# .o... #......( ....... #....... ........# ######.. .......... #..
........[..# #.. You could see 2 orc priests, 3 orcs and a kobold.

Vanquished Creatures
  4 adders
  An ooze (D:1)
  3 worms
  2 dart slugs (D:2)
  5 giant geckos
  4 orcs (D:3)
  2 giant cockroaches
  7 hobgoblins
  7 jackals
  6 kobolds
  2 ball pythons (D:1)
  8 bats
  4 giant newts
  8 goblins
  A quokka zombie (D:3)
  3 rats
67 creatures vanquished.

Notes
Turn   | Place    | Note
--------------------------------------------------------------
     0 | D:1      | sorlin the Demigod Transmuter began the quest for the Orb.
     0 | D:1      | Reached XP level 1. HP: 15/15 MP: 5/5
    86 | D:1      | Reached skill level 3 in Unarmed Combat
   400 | D:1      | Reached XP level 2. HP: 22/22 MP: 7/7
   824 | D:2      | Reached XP level 3. HP: 25/27 MP: 6/8
   922 | D:2      | Learned a level 3 spell: Spider Form
   957 | D:2      | Reached skill level 4 in Unarmed Combat
  1625 | D:2      | Found a burning altar of Makhleb.
  1639 | D:2      | Reached skill level 1 in Poison Magic
  1792 | D:2      | Reached XP level 4. HP: 34/34 MP: 9/9
  1820 | D:2      | Found a shattered altar of Ashenzari.
  2035 | D:3      | Reached skill level 2 in Transmutations
  2887 | D:3      | HP: 3/34 [orc priest/divine providence (8)]
  2887 | D:3      | Killed from afar by an orc priest

Vault maps used:
D:1:      minmay_arrival_wavy_path
D:2:      lemuel_doored_altar, nicolae_overflow_hidden_temple

Action                   |  1- 3 |  4- 6 || total
-------------------------+-------+-------++-------
Melee: Unarmed           |   127 |   122 ||   249
       Headbutt          |     5 |     2 ||     7
       Kick              |     4 |       ||     4
       Punch             |     1 |     3 ||     4
 Cast: Beastly Appendage |    15 |     5 ||    20
       Spider Form       |       |     2 ||     2
  Use: Scroll            |       |     7 ||     7
 Stab: Sleeping          |     3 |     1 ||     4
       Distracted        |     1 |       ||     1
  Eat: Pizza             |     1 |       ||     1
       Beef jerky        |     1 |     1 ||     2
       Chunk             |       |     3 ||     3
Armor: Robe              |    35 |    31 ||    66
Dodge: Dodged            |    87 |    79 ||   166
